Map: Nightshade LE

Players

ShoWTimE

  • Race: Protoss Protoss
  • League: Grandmaster
  • Spawn Location: 11:00

Future - Winner!

  • Race: Terran Terran
  • Spawn Location: 5:00

Event: Shopify TSL 5

VOD

Have the link to the VOD?

Description

Time

  • Played on: May 23, 2020, 2:45 p.m.
  • Length: 8:12

All games in this series

Show
View Real Time Build Order
Export as new Build Order

ShoWTimE Protoss 

Build Orders: Blink Stalkers 

Get SALT Encoding   

  12  0:00  Probe  
  13  0:12  Probe  
  14  0:17  Pylon  
  14  0:24  Probe (Chrono Boost)  
  15  0:36  Probe (Chrono Boost), Gateway  
  16  0:44  Probe (Chrono Boost)  
  16  0:47  Assimilator  
  17  0:51  Probe  
  18  1:03  Probe  
  19  1:15  Probe  
  20  1:23  Cybernetics Core  
  20  1:36  Pylon  
  20  1:39  Probe  
  21  1:51  Probe  
  22  1:56  Adept (Chrono Boost)  
  24  2:04  Probe  
  24  2:06  Nexus  
  25  2:15  Assimilator  
  24  2:16  Warp Gate  
  24  2:17  Probe  
  24  2:20  Adept (Chrono Boost)  
  25  2:29  Probe  
  28  2:41  Probe  
  28  2:44  Pylon  
  29  2:47  Adept  
  31  2:59  Twilight Council  
  31  3:02  Probe  
  32  3:12  Gateway  
  32  3:14  Probe  
  33  3:20  Stalker  
  34  3:27  Probe (Chrono Boost)  
  34  3:29  Probe (Chrono Boost)  
  34  3:33  Robotics Facility  
  33  3:37  Blink (Chrono Boost)  
  35  3:41  Probe (Chrono Boost)  
  35  3:44  Probe (Chrono Boost)  
  35  3:47  Probe (Chrono Boost)  
  36  3:50  Probe (Chrono Boost)  
  37  3:55  Probe  
  37  3:57  Gateway  
  37  4:02  Probe  
  39  4:04  Sentry  
  39  4:08  Probe  
  39  4:09  Pylon  
  42  4:14  Probe  
  42  4:15  Stalker  
  45  4:20  Probe, Phoenix  
  46  4:26  Probe, Observer  
  48  4:32  Probe  
  48  4:37  Nexus  
  49  4:38  Probe  
  49  4:43  Stalker  
  52  4:46  Probe  
  52  4:48  Stalker  
  52  4:52  Probe, Assimilator  
  56  4:55  Pylon  
  56  4:58  Probe  
  57  5:04  Probe  
  58  5:11  Probe  
  58  5:13  Stalker x3  
  65  5:17  Probe  
  66  5:23  Probe  
  66  5:25  Forge  
  67  5:29  Probe, Observer  
  67  5:30  Charge (Chrono Boost)  
  67  5:35  Probe, Pylon  
  70  5:41  Gateway  
  70  5:42  Gateway  
  70  5:47  Gateway  
  70  5:49  Probe  
  71  5:53  Gateway  
  71  5:58  Probe, Gateway  
  71  5:59  Probe  
  71  6:01  Probe  
  74  6:08  Immortal  
  74  6:10  Protoss Ground Armor Level 1 (Chrono Boost)  
  78  6:12  Sentry  
  78  6:14  Shield Battery  
  78  6:15  Probe  
  81  6:19  Probe  
  82  6:29  Probe  
  83  6:37  Probe  
  84  6:41  Sentry, Zealot x2  
  84  6:45  Zealot x2  
  92  6:52  Pylon  
  92  6:56  Probe  
  92  6:57  Photon Cannon  
  92  7:01  Pylon  
  93  7:02  Pylon  
  93  7:08  Assimilator  
  93  7:10  Probe x2  
  93  7:11  Observer  
  93  7:13  Zealot x2  
  93  7:15  Pylon  
  100  7:18  Pylon  
  100  7:19  Zealot x4  
  108  7:28  Zealot x2  
  96  7:32  Immortal (Chrono Boost)  
  96  7:33  Zealot x2  
  96  7:40  Zealot x4  
  80  7:52  Zealot x2  
  80  7:54  Zealot x2  
  82  8:00  Zealot x4  
Show
View Real Time Build Order
Export as new Build Order

Future Terran - Winner!

Build Orders:  

Get SALT Encoding   

  12  0:01  SCV  
  13  0:13  SCV  
  14  0:18  Supply Depot  
  14  0:25  SCV  
  15  0:39  SCV  
  15  0:40  Barracks  
  16  0:47  Engineering Bay  
  16  0:53  SCV  
  17  0:58  Barracks  
  17  1:05  SCV  
  17  1:07  Refinery  
  18  1:17  SCV  
  19  1:30  SCV  
  20  1:36  Engineering Bay  
  20  1:45  Marine  
  20  1:46  Orbital Command  
  21  2:04  Barracks Reactor  
  21  2:07  Command Center  
  21  2:11  SCV  
  21  2:15  Supply Depot  
  22  2:16  Bunker  
  22  2:23  SCV  
  22  2:29  Factory  
  23  2:36  SCV  
  24  2:37  Refinery  
  24  2:40  Marine  
  24  2:41  Marine  
  26  2:48  SCV  
  27  2:58  Marine  
  28  2:59  Marine  
  28  3:00  SCV  
  28  3:01  Supply Depot  
  30  3:13  SCV  
  30  3:14  Starport  
  31  3:22  Marine x2  
  31  3:23  Widow Mine  
  31  3:25  SCV  
  34  3:32  Orbital Command  
  34  3:37  SCV  
  34  3:40  Marine  
  36  3:41  Marine  
  36  3:44  Widow Mine  
  39  3:50  SCV  
  39  3:52  Medivac  
  42  3:56  Barracks  
  42  3:58  SCV  
  43  4:05  SCV  
  43  4:07  Barracks  
  44  4:10  SCV  
  44  4:15  Supply Depot  
  45  4:17  SCV  
  45  4:18  Marine x2, Factory Tech Lab  
  45  4:22  SCV  
  49  4:27  Starport Tech Lab  
  49  4:31  SCV  
  50  4:34  SCV  
  50  4:35  Engineering Bay  
  50  4:36  Marine x2  
  53  4:42  Refinery  
  53  4:43  SCV  
  54  4:46  SCV  
  54  4:50  Supply Depot  
  54  4:51  Stimpack  
  55  4:55  SCV  
  55  4:58  SCV, Factory Reactor, Marine  
  55  4:59  Marine  
  59  5:01  Terran Infantry Weapons Level 1  
  59  5:07  SCV, Combat Shield  
  59  5:08  Starport Reactor  
  59  5:09  Marine x2  
  59  5:11  SCV  
  59  5:13  Supply Depot  
  63  5:15  Supply Depot  
  63  5:16  Marine  
  63  5:18  Marine  
  63  5:19  SCV  
  66  5:23  SCV  
  66  5:27  Marauder, Refinery  
  69  5:33  SCV  
  69  5:34  Marine  
  69  5:35  SCV, Marauder, Marine  
  73  5:37  Supply Depot  
  73  5:39  Supply Depot  
  75  5:44  Medivac x2  
  75  5:47  Widow Mine  
  75  5:48  Widow Mine  
  83  5:53  Marauder  
  83  5:54  Marine  
  86  5:58  Marine  
  86  5:59  Marauder  
  86  6:00  Supply Depot  
  86  6:03  Supply Depot  
  88  6:13  Widow Mine x2  
  88  6:14  Marauder  
  93  6:19  Medivac x2  
  93  6:20  Marauder  
  93  6:21  Marine x2  
  93  6:23  Supply Depot  
  101  6:26  Concussive Shells  
  101  6:28  Supply Depot  
  101  6:37  Widow Mine x2  
  105  6:41  Marauder  
  105  6:42  Marauder  
  105  6:43  Marine  
  105  6:44  Marine  
  109  6:49  Liberator  
  109  6:51  Supply Depot  
  109  6:53  Supply Depot  
  110  6:54  Liberator  
  115  7:01  Widow Mine, Marine x3  
  115  7:02  Widow Mine  
  120  7:12  Marine  
  122  7:15  SCV x2  
  122  7:27  Marine x2  
  122  7:28  Marine  
  107  7:31  Command Center  
  99  7:38  SCV  
  99  7:39  Marauder  
  105  7:45  Marine  
  103  8:02  Barracks  
  103  8:03  Barracks  
Tags
 
Add a new tag
Caveats
  • Supply blocks, unpowered buildings, or Contaminate may cause inaccurate times.
  • Supply counts are checked every 10 seconds.